 Dungeon Crawl Stone Soup version 0.27-a0-1595-g0b823d0a13 (webtiles) character file.

Game seed: 1284812192375130802

241582 flotson the Severer (level 19, -8/150 HPs)
             Began as a Demonspawn Delver on July 20, 2021.
             Was an Initiate of Gozag.
             Mangled by an alligator snapping turtle (26 damage)
             ... on level 4 of the Shoals.
             The game lasted 01:30:55 (52520 turns).

flotson the Severer (Demonspawn Delver)            Turns: 52520, Time: 01:30:56

Health: -8/150     AC: 41    Str: 25    XL:     19   Next: 7%
Magic:  19/19      EV: 13    Int: 22    God:    Gozag
Gold:   1572       SH: 10    Dex: 17    Spells: 18/18 levels left

rFire    . . .     SeeInvis .   a - +4 broad axe (spect)
rCold    . . .     Faith    .   x - +3 warlock's mirror {reflect}
rNeg     + . .     Spirit   .   y - +10 plate armour of Wonder {Int+4}
rPois    +         Reflect  +   D - +2 hat
rElec    .         Harm     .   h - +2 ratskin cloak {*Rats rPois rN+ Str-1 Int-1 Dex+1}
rCorr    +         Rampage  .   (gloves unavailable)
Will     ++...                  I - +1 pair of boots {Fly}
Stlth    ..........             V - amulet "Hiwkiad" {Acrobat rCorr Int+6 Dex+2}
HPRegen  0.35/turn              b - +6 ring of strength
MPRegen  0.16/turn              G - ring of the Tortoise {AC+8}

@: spiked, flying
A: antennae 2, claws 3, talons 2, powered by pain 3, spiny 2, demonic willpower
}: 1/15 runes: gossamer
a: Renounce Religion, Potion Petition, Call Merchant, Bribe Branch


You were on level 4 of the Shoals.
You worshipped Gozag.
Gozag was most pleased with you.
You visited 6 branches of the dungeon, and saw 32 of its levels.
You also visited: Bailey and Ice Cave.

You collected 14653 gold pieces.
You spent 7786 gold pieces at shops.
You paid 5295 gold pieces to Gozag.

Inventory:

Hand Weapons
 a - a +4 spectral broad axe (weapon)
Missiles
 z - 5 throwing nets
 A - 5 atropa-tipped darts
 C - 4 javelins (quivered)
 E - 16 curare-tipped darts
Armour
 e - +0 storm dragon scales
 h - the +2 ratskin cloak (worn) {*Rats rPois rN+ Str-1 Int-1 Dex+1}
   (You bought it in a shop on level 2 of the Orcish Mines)

   When the wearer is hurt, rats may emerge from it to assist them.
   Str:       It affects your strength (-1).
   Int:       It affects your intelligence (-1).
   Dex:       It affects your dexterity (+1).
   rPois:     It protects you from poison.
   rN:        It protects you from negative energy.
 w - a +2 crystal plate armour of cold resistance
 x - the +3 warlock's mirror (worn) {reflect}
   (You bought it in a shop on level 3 of the Dungeon)

   It can block and reflect piercing ranged attacks and magical attacks against
   the wielder's willpower.
 y - the +10 plate armour of Wonder (worn) {Int+4}
   (You bought it in a shop on level 2 of the Orcish Mines)

   Int:       It affects your intelligence (+4).
 D - a +2 hat (worn)
 I - a +1 pair of boots of flying (worn)
 W - the +2 shield of Resistance {rF++ rC++ Will++}
   (You found it on level 6 of the Lair of Beasts)

   rF:        It greatly protects you from fire.
   rC:        It greatly protects you from cold.
   Will:      It greatly increases your willpower.
Jewellery
 b - a +6 ring of strength (left claw)
 c - the amulet "Sebbemn" {Reflect +Inv rC- Dex+5 Slay+5 SH+5}
   (You found it on level 3 of the Shoals)

   [amulet of reflection]

   It reflects blocked missile attacks.
   Dex:       It affects your dexterity (+5).
   Slay:      It affects your accuracy & damage with ranged weapons and melee
   (+5).
   rC:        It makes you vulnerable to cold.
   +Inv:      It lets you turn invisible.
   SH:        It affects your SH (+5).
 s - an amulet of magic regeneration
 G - the ring of the Tortoise (right claw) {AC+8}
   (You found it on level 7 of the Dungeon)

   [ring of protection]

   AC:        It affects your AC (+8).
 K - a +4 ring of protection
 U - a ring of see invisible
 V - the amulet "Hiwkiad" (around neck) {Acrobat rCorr Int+6 Dex+2}
   (You found it on level 6 of the Lair of Beasts)

   [amulet of the acrobat]

   It increases your evasion while moving and waiting.
   Int:       It affects your intelligence (+6).
   Dex:       It affects your dexterity (+2).
   rCorr:     It protects you from acid and corrosion.
Wands
 g - a wand of digging (12)
 l - a wand of polymorph (27)
 p - a wand of paralysis (37)
 H - a wand of iceblast (21)
 O - a wand of mindburst (35)
 P - a wand of flame (61)
Scrolls
 d - 3 scrolls of magic mapping
 i - 2 scrolls of torment
 j - 4 scrolls of enchant armour
 n - a scroll of silence
 B - 5 scrolls of immolation
 L - a scroll of fear
 N - 4 scrolls of vulnerability
 R - 6 scrolls of identify
 T - 8 scrolls of fog
 X - 16 scrolls of teleportation
 Z - a scroll of blinking
Potions
 f - 3 potions of invisibility
 k - 5 potions of attraction
 m - 9 potions of curing
 o - 3 potions of ambrosia
 q - 4 potions of flight
 r - 8 potions of lignification
 t - 2 potions of berserk rage
 u - 7 potions of haste
 v - 4 potions of might
 J - a potion of cancellation
 Q - 4 potions of mutation
 S - 2 potions of heal wounds
Miscellaneous
 F - a phantom mirror
 M - a piece from Xom's chessboard (15/15)
 Y - a condenser vane


   Skills:
 + Level 13.5 Fighting
 + Level 15.7 Axes
 + Level 12.0 Throwing
 + Level 12.3 Armour
 + Level 12.4 Dodging
 - Level 4.5 Stealth
 + Level 9.5 Shields
 + Level 12.1 Evocations


You had 18 spell levels left.
You didn't know any spells.
Your spell library contained the following spells:

 Spells                   Type           Power      Damage    Failure   Level
 Animate Skeleton         Necr           0%         N/A       82%         1
 Apportation              Tloc           0%         N/A       82%         1
 Pain                     Necr           0%         1d4       82%         1
 Sandblast                Erth           0%         2d4       82%         1
 Shock                    Conj/Air       0%         1d3       82%         1
 Summon Small Mammal      Summ           0%         N/A       82%         1
 Ensorcelled Hibernation  Hex/Ice        0%         N/A       91%         2
 Passwall                 Tmut/Erth      0%         N/A       91%         2
 Static Discharge         Conj/Air       0%         N/A       91%         2
 Sublimation of Blood     Necr           0%         N/A       91%         2
 Call Canine Familiar     Summ           0%         N/A       99%         3
 Conjure Flame            Conj/Fire      0%         6-21      99%         3
 Ignite Poison            Fire/Tmut/Pois 0%         N/A       99%         3
 Mephitic Cloud           Conj/Pois/Air  0%         N/A       99%         3
 Spider Form              Tmut/Pois      0%         N/A       99%         3
 Stone Arrow              Conj/Erth      0%         3d7       99%         3
 Summon Guardian Golem    Hex/Summ       0%         N/A       99%         3
 Swiftness                Air            0%         N/A       99%         3
 Vampiric Draining        Necr           0%         2d6       99%         3
 Airstrike                Air            0%         N/A       100%        4
 Animate Armour           Summ/Erth      0%         N/A       100%        4
 Dispel Undead            Necr           0%         3d6       100%        4
 Passage of Golubria      Tloc           N/A        N/A       100%        4
 Petrify                  Tmut/Erth      0%         N/A       100%        4
 Sticky Flame             Conj/Fire      0%         2d3       100%        4
 Alistair's Intoxication  Tmut/Pois      0%         N/A       100%        5
 Blade Hands              Tmut           0%         N/A       100%        5
 Bolt of Magma            Conj/Fire/Erth 0%         4d4       100%        5
 Irradiate                Conj/Tmut      0%         3d14      100%        5
 Lee's Rapid Deconstruct  Erth           0%         3d5*      100%        5
 Metabolic Englaciation   Hex/Ice        0%         N/A       100%        5
 Silence                  Hex/Air        0%         N/A       100%        5
 Invisibility             Hex            0%         N/A       100%        6
 Iron Shot                Conj/Erth      0%         9d1       100%        6
 Shadow Creatures         Summ           N/A        N/A       100%        6
 Statue Form              Tmut/Erth      0%         N/A       100%        6
 Lehudib's Crystal Spear  Conj/Erth      0%         10d2      100%        8
 Polar Vortex             Ice            0%         N/A       100%        9


Dungeon Overview and Level Annotations

Branches:
Dungeon (15/15)            Temple (1/1) D:7            Lair (6/6) D:8
 Shoals (4/4) Lair:4       Spider (4/4) Lair:4        Slime (0/5) Lair:5
    Orc (2/2) D:9             Elf (0/3) Orc:2        Vaults (0/5) D:14
 Depths (0/5) D:15         Bailey (visited)           IceCv (visited)

Altars:
Ashenzari
Cheibriados
Dithmenos
Elyvilon
Fedhas
Gozag
Hepliaklqana
Kikubaaqudgha
Makhleb
Nemelex Xobeh
Okawaru
Qazlal
Ru
Sif Muna
Trog
Uskayaw
Vehumet
Wu Jian
Xom
Yredelemnul
Zin
The Shining One
Lugonu

Shops:
D:3 [   D:12 *   Orc:2 [?*![?(   Lair:4 [=

Portals:
Abyss: Lair:6
Trove: D:12 (give 8 scrolls of fear)


Innate Abilities, Weirdness & Mutations

You have a pair of antennae on your head.
You have claws for hands.
You have razor-sharp toenails.
You are powered by pain.
You are mostly covered in sharp spines.
You punish those that try to bend your will. (Will+)


Message History

The manticore flicks its tail.
The volley of spikes hits you.
The barbed spikes become lodged in your body.
* * * LOW HITPOINT WARNING * * *
The merfolk aquamancer casts a spell.
The merfolk aquamancer blinks!
The barbed spikes dig painfully into your body as you move.
* * * LOW HITPOINT WARNING * * *
The manticore flicks its tail.
The volley of spikes hits you!
The barbed spikes become lodged in your body.
* * * LOW HITPOINT WARNING * * *
The merfolk aquamancer gestures wildly while chanting.
The merfolk aquamancer blinks!
You feel much better.
A merfolk comes into view. It is wielding a +0 trident.
The merfolk impaler hits you from afar with a +0 trident.
* * * LOW HITPOINT WARNING * * *
The merfolk throws a boomerang.
The boomerang barely misses you.
The barbed spikes dig painfully into your body as you move.
* * * LOW HITPOINT WARNING * * *
The merfolk impaler completely misses you.
The merfolk throws a boomerang.
You reflect the boomerang off your +3 warlock's mirror {reflect}!
The boomerang hits the merfolk!!
A water elemental comes into view.
The barbed spikes dig painfully into your body as you move.
* * * LOW HITPOINT WARNING * * *
The merfolk closely misses you.
The merfolk impaler completely misses you.
The alligator snapping turtle bites you but does no damage.
Unknown command.
The barbed spikes dig painfully into your body as you move.
* * * LOW HITPOINT WARNING * * *
There is a stone staircase leading up here.
Unknown command.
The merfolk hits you but does no damage.
The alligator snapping turtle bites you from afar!!
You die...
Your body crumbles into a pile of gold.

≈≈≈≈≈≈≈≈≈≈≈≈≈≈≈≈≈
≈≈≈≈≈≈≈≈≈≈≈≈≈≈≈≈≈≈≈≈≈≈
≈≈≈≈≈≈≈≈≈≈≈≈≈≈≈≈≈≈≈≈≈≈≈≈
≈≈≈≈≈≈≈≈≈≈≈≈≈≈≈≈≈≈≈≈≈≈≈≈
≈≈≈≈≈≈≈≈≈≈≈≈.#.≈≈≈≈≈≈≈≈≈
≈≈≈≈≈≈≈≈≈≈≈.###.≈≈≈≈≈≈≈≈
≈≈≈≈≈≈≈≈≈≈≈.# #.≈≈≈≈≈≈≈≈
≈≈≈≈≈≈≈≈≈≈..###.≈m≈≈≈≈≈
≈≈≈≈≈≈≈≈..E{.#.@≈≈≈#
≈≈≈≈≈≈≈≈.####..≈≈≈##
≈≈≈≈≈≈≈.## #.mmt≈# ≈#
≈≈≈≈≈≈≈.# #.≈mmH# )≈≈#
≈≈≈≈≈≈≈.## #.≈≈≈≈# ≈≈≈#≈≈
≈≈≈≈≈≈≈≈.####.≈≈≈≈## ≈≈##≈≈
≈≈≈≈≈≈≈≈..##.≈≈≈≈≈≈##'##≈≈.
≈≈≈≈≈≈≈≈≈≈.≈≈≈≈≈≈≈≈≈≈≈≈≈...
≈≈≈≈....≈≈≈≈≈≈≈≈≈≈≈≈≈≈.....


You could see an alligator snapping turtle, a merfolk impaler, a merfolk
aquamancer, 3 merfolk and a manticore.

Vanquished Creatures
  An iron giant (shapeshifter) (Lair:6)
  Arachne (Spider:1)
  Jorgrun (D:13)
  Rupert (D:13)
  Frances (Spider:1)
  3 krakens
  The ghost of Sin92 the Warrior, an adept DsFi of Okawaru (Shoals:3)
  Roxanne (Shoals:3)
  An azure jelly (IceCv)
  Kirke (Lair:6)
  3 ghost moths (Spider:4)
  An orc warlord (Bailey)
  4 emperor scorpions
  2 quicksilver oozes (IceCv)
  2 entropy weavers
  2 spark wasps (Spider:4)
  Azrael (Orc:2)
  The ghost of Wociock the Destroyer, a journeyman DgWz (D:14)
  Snorg (Orc:1)
  2 merfolk impalers
  An ettin (D:9)
  2 merfolk javelineers (Shoals:4)
  2 fire dragons
  Josephine (Orc:2)
  Fannar (D:9)
  Harold (D:9)
  Erolcha (D:13)
  An ice dragon (D:15)
  6 boulder beetles
  An ogre mage (D:15)
  3 centaur warriors
  3 merfolk avatars
  A rakshasa (D:15)
  A catoblepas (D:13)
  10 hydras
  Erica (D:9)
  An alligator snapping turtle (Shoals:3)
  4 merfolk aquamancers
  2 death knights
  6 two-headed ogres
  2 satyrs
  5 orc high priests (Orc:2)
  7 death yaks
  3 tengu warriors (D:15)
  4 thrashing horrors (Lair:6)
  Sonja (Orc:1)
  A fire crab (Lair:6)
  13 sea snakes
  A wizard (D:15)
  2 lindwurms (Lair:3)
  7 orc knights
  19 ugly things
  31 wolf spiders
  12 cyclopes
  12 harpies
  18 orb spiders
  2 deep elf pyromancers
  3 orc sorcerers (Orc:1)
  4 oklob plants
  6 fauns
  A manticore (shapeshifter) (Lair:6)
  13 manticores
  5 moths of wrath
  11 merfolk sirens
  An elephant (shapeshifter) (D:15)
  11 elephants
  A torpor snail (Lair:3)
  2 ice statues (IceCv)
  3 water nymphs
  A molten gargoyle (Lair:5)
  A guardian serpent (shapeshifter) (D:14)
  6 black mambas
  4 cane toads
  A gargoyle (D:11)
  A komodo dragon (shapeshifter) (D:14)
  2 kobold demonologists
  4 rime drakes
  4 unseen horrors
  An efreet (D:11)
  14 komodo dragons
  A yaktaur (shapeshifter) (D:11)
  An entropy weaver simulacrum (IceCv)
  2 tengu conjurers (D:15)
  13 demonic crawlers
  A freezing wraith (D:14)
  2 ice devils (D:13)
  16 merfolk
  A wandering mushroom (Lair:1)
  8 wind drakes
  An ancient zyme (Lair:6)
  5 polar bears
  3 trolls
  37 jumping spiders
  A wind drake (shapeshifter) (D:15)
  8 hornets
  19 blink frogs
  21 slime creatures
  6 snapping turtles
  13 dream sheep
  Grinder (D:4)
  A meliai zombie (D:11)
  Sigmund (D:4)
  5 wraiths
  45 yaks
  2 spriggans (Lair:6)
  A yak (shapeshifter) (D:13)
  78 redbacks
  33 tarantellas
  A tarantella (shapeshifter) (D:11)
  3 ynoxinuls (Lair:6)
  12 water elementals
  2 fire elementals
  5 hogs (Lair:6)
  3 basilisks
  A vampire (D:9)
  A golden eye (shapeshifter) (D:13)
  2 steam dragons
  8 wyverns
  2 large abominations (Lair:6)
  A basilisk (shapeshifter) (D:14)
  7 vampire mosquitoes
  2 acid dragons
  4 wargs
  A swamp worm (shapeshifter) (Lair:6)
  4 demonic crawler simulacra (IceCv)
  12 water moccasins
  2 hell hounds
  Duvessa (D:5)
  35 orc warriors
  A sky beast (D:6)
  A black bear (Lair:2)
  3 ugly thing simulacra (IceCv)
  6 wolves (Lair:1)
  7 ogres
  A necrophage (D:6)
  A tengu (shapeshifter) (D:10)
  17 centaurs
  2 phantoms
  4 kobold brigands
  8 bullfrogs
  2 gnoll sergeants
  9 small abominations (Lair:6)
  3 glowing shapeshifter simulacra (IceCv)
  5 scorpions
  Dowan (D:5)
  12 wights
  6 electric eels
  2 vampire bats (D:4)
  3 howler monkeys
  A bullfrog zombie (D:5)
  A lava snake (Lair:5)
  8 centaur zombies
  23 orc priests
  A jelly (D:6)
  A gnoll shaman (D:4)
  A bullfrog skeleton (D:6)
  3 hounds
  A centaur skeleton (D:5)
  14 orc wizards
  An iguana (D:3)
  A killer bee zombie (D:7)
  A howler monkey zombie (D:6)
  Robin (D:3)
  5 adders
  20 gnolls
  A shadow imp (D:7)
  3 white imps
  A worm (D:2)
  5 dart slugs
  75 orcs
  6 bats
  4 bat skeletons (D:4)
  2 bat zombies (D:4)
  7 endoplasms
  5 giant cockroaches
  7 hobgoblins
  A jackal (D:2)
  36 kobolds
  4 quokkas
  6 ball pythons
  3 frilled lizards
  21 goblins
  6 rats
  A bush (Lair:6)
  8 tentacles
1134 creatures vanquished.

Vanquished Creatures (collateral kills)
  2 orb spiders (Spider:1)
  A wolf spider (Spider:1)
  A jumping spider (Spider:4)
  A merfolk (Shoals:3)
5 creatures vanquished.

Vanquished Creatures (others)
  A satyr (Shoals:3)
  A wolf spider (Spider:1)
  Maggie (D:10)
  A centaur simulacrum (D:11)
  An orc priest (D:8)
  A gnoll (D:8)
  An orc (Orc:1)
  46 fungi
  154 plants
  15 tentacles
  10 toadstools (Lair:3)
232 creatures vanquished.

Grand Total: 1371 creatures vanquished

Notes
Turn   | Place    | Note
-------+----------+-------------------------------------------
     0 | D:5      | flotson the Demonspawn Delver began the quest for the Orb.
     0 | D:5      | Reached XP level 1. HP: 18/18 MP: 1/1
    22 | D:5      | Noticed Duvessa
    45 | D:5      | Noticed a scorpion
    61 | D:4      | You fall into a shaft and drop 2 floors!
   114 | D:6      | Noticed a sky beast
   153 | D:6      | Noticed a hound
   154 | D:6      | Noticed a steam dragon
   179 | D:5      | Reached skill level 2 in Axes
   179 | D:5      | Gained mutation: You are partially covered in sharp spines.
                  | [demonic ancestry]
   179 | D:5      | Reached XP level 2. HP: 24/24 MP: 2/2
   180 | D:5      | Noticed Dowan
   198 | D:4      | Noticed Grinder
   215 | D:4      | Noticed a phantom
   471 | D:2      | Reached skill level 1 in Armour
   563 | D:2      | Gained mutation: You sometimes gain a little power by
                  | taking damage. [demonic ancestry]
   563 | D:2      | Reached XP level 3. HP: 29/29 MP: 3/3
   903 | D:1      | You fall into a shaft and drop 1 floor!
  1079 | D:1      | Noticed a shining eye
  1081 | D:1      | Found a faded altar of an unknown god.
  1082 | D:1      | Noticed a shining eye
  1082 | D:1      | Noticed a floating eye
  1082 | D:1      | Noticed a shining eye
  1086 | D:1      | Gained mutation: You have sharp toenails. [demonic
                  | ancestry]
  1086 | D:1      | Reached XP level 4. HP: 35/35 MP: 4/4
  1946 | D:3      | Noticed a scorpion
  1954 | D:3      | Killed a scorpion
  1989 | D:3      | Gained mutation: You sometimes gain power by taking damage.
                  | [demonic ancestry]
  1989 | D:3      | Reached XP level 5. HP: 18/42 MP: 5/5
  2450 | D:3      | Found Moagg's Armour Emporium.
  2659 | D:4      | Noticed Sigmund
  2740 | D:4      | Noticed Robin
  2910 | D:3      | Killed a phantom
  2911 | D:3      | Reached skill level 3 in Axes
  2911 | D:3      | Gained mutation: You have a pair of small antennae on your
                  | head. [demonic ancestry]
  2911 | D:3      | Reached XP level 6. HP: 18/48 MP: 6/6
  3115 | D:3      | Killed Robin
  3212 | D:4      | Killed Grinder
  3213 | D:4      | Reached skill level 1 in Throwing
  3866 | D:3      | Found Moagg's Armour Emporium.
  4697 | D:4      | Gained mutation: You are powered by pain. [demonic
                  | ancestry]
  4697 | D:4      | Reached XP level 7. HP: 33/55 MP: 7/7
  4907 | D:4      | You fall into a shaft and drop 2 floors!
  5329 | D:4      | Found an ancient bone altar of Kikubaaqudgha.
  5337 | D:4      | Reached skill level 5 in Fighting
  5457 | D:5      | Reached skill level 4 in Axes
  5729 | D:5      | Gained mutation: You have sharp fingernails. [demonic
                  | ancestry]
  5729 | D:5      | Reached XP level 8. HP: 48/62 MP: 8/8
  5737 | D:5      | Killed Dowan
  5747 | D:5      | Killed Duvessa
  6429 | D:4      | Killed Sigmund
  7582 | D:6      | Reached skill level 5 in Axes
  7582 | D:6      | Reached skill level 5 in Dodging
  8182 | D:7      | Found a bloodstained altar of Trog.
  8199 | D:7      | Found a staircase to the Ecumenical Temple.
  8206 | Temple   | Entered the Ecumenical Temple
  8265 | Temple   | Became a worshipper of Gozag Ym Sagoz the Greedy
  8333 | D:7      | Gained mutation: You have a pair of antennae on your head.
                  | [demonic ancestry]
  8333 | D:7      | Reached XP level 9. HP: 54/69 MP: 5/9
  9170 | D:7      | Found the ring of the Tortoise {AC+8}
  9584 | D:3      | Bought the +3 warlock's mirror {reflect} for 440 gold
                  | pieces
  9584 | D:3      | Found the +3 warlock's mirror {reflect}
  9729 | D:8      | Found a flagged portal.
  9745 | Bailey   | Entered a bailey
  9750 | Bailey   | Noticed an orc warlord
  9873 | Bailey   | Found a runed translucent gate.
  9876 | Bailey   | Found a runed translucent gate.
  9878 | Bailey   | Found a runed translucent gate.
  9931 | Bailey   | Reached skill level 5 in Armour
 10167 | Bailey   | Killed an orc warlord
 10242 | Bailey   | Identified the +6 spear of Excruciating Pain {venom, Fly}
 10310 | D:8      | Reached XP level 10. HP: 43/79 MP: 5/10
 10545 | D:8      | Reached skill level 6 in Axes
 10545 | D:8      | Reached skill level 5 in Throwing
 10609 | D:8      | Found a staircase to the Lair.
 11140 | D:9      | Found a staircase to the Orcish Mines.
 11517 | D:9      | Found a shadowy altar of Dithmenos.
 11601 | D:9      | Found a broken altar of Ashenzari.
 11618 | D:9      | Found a shimmering blue altar of Sif Muna.
 11648 | D:9      | Noticed a boulder beetle
 11663 | D:9      | Killed a boulder beetle
 12050 | D:9      | Found a sparkling altar of Nemelex Xobeh.
 12074 | D:9      | Found a basalt altar of Yredelemnul.
 12151 | D:9      | Found a blossoming altar of Fedhas.
 12588 | D:10     | Entered Level 10 of the Dungeon
 12669 | D:10     | Gained mutation: You have very sharp fingernails. [demonic
                  | ancestry]
 12669 | D:10     | Reached XP level 11. HP: 86/86 MP: 11/11
 13037 | D:10     | Reached skill level 10 in Axes
 13037 | D:10     | Gained mutation: You have claws for hands. [demonic
                  | ancestry]
 13037 | D:10     | Reached XP level 12. HP: 92/92 MP: 12/12
 13038 | D:10     | Reached skill level 12 in Axes
 13038 | D:10     | Reached XP level 13. HP: 98/98 MP: 13/13
 13047 | D:10     | Noticed Fannar
 13061 | D:9      | Killed Fannar
 13338 | D:10     | Noticed Maggie
 13362 | D:10     | Killed Maggie
 13363 | D:10     | Noticed Harold
 13396 | D:9      | Killed Harold
 13719 | Lair:1   | Entered Level 1 of the Lair of Beasts
 14569 | Lair:1   | Reached skill level 5 in Evocations
 15438 | Lair:2   | Reached skill level 13 in Axes
 17786 | Lair:3   | Found a runed translucent door.
 17807 | Lair:3   | Reached XP level 14. HP: 93/108 MP: 12/14
 19013 | Lair:4   | Found a hole to the Spider Nest.
 19125 | Lair:4   | Found a staircase to the Shoals.
 19503 | Lair:5   | Found a staircase to the Slime Pits.
 19524 | Lair:5   | Identified the +9 spear "Enijoisen" {vorpal, Str+9 Int+6
                  | Dex-2}
 20448 | Lair:6   | Entered Level 6 of the Lair of Beasts
 20851 | Lair:6   | Noticed Kirke
 20860 | Lair:6   | Reached skill level 10 in Fighting
 20866 | Lair:6   | Killed Kirke
 22372 | Lair:6   | Reached XP level 15. HP: 97/117 MP: 12/15
 22539 | Lair:6   | Found the +2 shield of Resistance {rF++ rC++ Will++}
 22542 | Lair:6   | Identified the amulet "Hiwkiad" {Acrobat rCorr Int+6 Dex+2}
 22590 | Lair:6   | Noticed an iron giant
 22615 | Lair:6   | Killed an iron giant
 23105 | Lair:6   | Found a corrupted altar of Lugonu.
 23105 | Lair:6   | Found a one-way gate to the infinite horrors of the Abyss.
 23892 | Orc:1    | Entered Level 1 of the Orcish Mines
 23892 | Orc:1    | Noticed Erica
 24388 | D:9      | Killed Erica
 24389 | D:9      | Reached skill level 14 in Axes
 24472 | Orc:1    | Noticed Sonja
 24481 | Orc:1    | Killed Sonja
 24769 | Orc:1    | Noticed Snorg
 24778 | Orc:1    | Killed Snorg
 25108 | Orc:2    | Entered Level 2 of the Orcish Mines
 26024 | Orc:2    | Noticed Azrael
 26350 | Orc:2    | Killed Azrael
 27345 | Orc:2    | Reached skill level 5 in Shields
 27497 | Orc:2    | Found a staircase to the Elven Halls.
 27803 | Orc:2    | Noticed Josephine
 27811 | Orc:2    | Killed Josephine
 28051 | Orc:2    | Found Dalill's Antique Armour Shop.
 28053 | Orc:2    | Found Xacwy's Weapon Shop.
 28056 | Orc:2    | Found Hadat's Magic Scroll Boutique.
 28057 | Orc:2    | Found Voenaev's Distillery.
 28065 | Orc:2    | Bought a scroll of acquirement for 624 gold pieces
 28065 | Orc:2    | Bought a scroll of identify for 24 gold pieces
 28067 | Orc:2    | Bought a potion of invisibility for 128 gold pieces
 28067 | Orc:2    | Bought a potion of curing for 48 gold pieces
 28067 | Orc:2    | Bought a potion of invisibility for 128 gold pieces
 28067 | Orc:2    | Bought a potion of heal wounds for 80 gold pieces
 28067 | Orc:2    | Bought a potion of curing for 48 gold pieces
 28067 | Orc:2    | Bought 2 potions of curing for 96 gold pieces
 28298 | Orc:2    | Reached skill level 10 in Dodging
 28625 | Orc:1    | Found a burning altar of Makhleb.
 28762 | Orc:2    | Bought a glowing hat for 224 gold pieces
 28767 | Orc:2    | Acquired 811 gold pieces
 28773 | Orc:2    | Bought the +2 ratskin cloak {*Rats rPois rN+ Str-1 Int-1
                  | Dex+1} for 973 gold pieces
 28773 | Orc:2    | Found the +2 ratskin cloak {*Rats rPois rN+ Str-1 Int-1
                  | Dex+1}
 28787 | Orc:2    | Bought a scroll of enchant weapon for 105 gold pieces
 28787 | Orc:2    | Bought a scroll of acquirement for 728 gold pieces
 28791 | Orc:2    | Acquired 762 gold pieces
 28794 | Orc:2    | Bought +0 storm dragon scales for 1280 gold pieces
 28977 | D:11     | Found a radiant altar of Vehumet.
 29041 | D:11     | Identified the ring "Qetzoah" {Ice rN+ Will+ Int+5}
 29045 | D:11     | Reached skill level 10 in Armour
 30186 | D:11     | Got the Grimoire of Glacial Ignition
 31107 | D:12     | Gained mutation: You are mostly covered in sharp spines.
                  | [demonic ancestry]
 31107 | D:12     | Reached XP level 16. HP: 115/125 MP: 16/16
 31277 | D:12     | Found a portal to a secret trove of treasure.
 31459 | D:12     | Found Ulopaeco's Elemental Accessories.
 31823 | D:13     | Noticed Rupert
 31846 | D:13     | Killed Rupert
 31909 | D:13     | Found a frozen archway.
 31929 | IceCv    | Entered an ice cave
 32562 | IceCv    | Found a viscous altar of Jiyva.
 32599 | IceCv    | Reached skill level 10 in Throwing
 32610 | IceCv    | Identified the amulet of Hobicemirch {Spirit rElec}
 32612 | IceCv    | Identified the amulet "Guoxia" {Reflect rPois rCorr Str+4
                  | Dex+2 Slay-5 SH+5}
 32894 | D:13     | Noticed Jorgrun
 33105 | D:13     | Killed Jorgrun
 33695 | D:13     | Noticed Erolcha
 33702 | D:13     | Killed Erolcha
 33845 | D:14     | Found a gate to the Vaults.
 33855 | D:14     | Identified the +5 falchion of Context {vamp, Dex+5}
 34483 | D:14     | Found a runed translucent door.
 35156 | D:14     | Noticed Wociock's ghost (journeyman DgWz)
 35168 | D:14     | Killed Wociock's ghost
 35207 | D:15     | Entered Level 15 of the Dungeon
 35226 | D:15     | Reached skill level 10 in Evocations
 35380 | D:15     | Found a staircase to the Depths.
 37228 | Spider:1 | Entered Level 1 of the Spider Nest
 37241 | Spider:1 | Reached XP level 17. HP: 103/133 MP: 17/17
 39598 | Spider:1 | Noticed Frances
 39609 | Spider:1 | Killed Frances
 39881 | Spider:1 | Reached skill level 15 in Axes
 40274 | Spider:2 | Noticed Arachne
 40661 | Spider:1 | Killed Arachne
 43632 | Spider:4 | Entered Level 4 of the Spider Nest
 44268 | Spider:4 | Gained mutation: You have razor-sharp toenails. [demonic
                  | ancestry]
 44268 | Spider:4 | Reached XP level 18. HP: 70/142 MP: 5/18
 46019 | Spider:4 | Got a gossamer rune of Zot
 46257 | Spider:4 | Upgraded the game from 0.27-a0-1591-gc56fcc985a to
                  | 0.27-a0-1595-g0b823d0a13
 46434 | Shoals:1 | Entered Level 1 of the Shoals
 46444 | Lair:4   | Bought a +6 ring of strength for 760 gold pieces
 46477 | Lair:4   | Bought a spiked plate armour for 1120 gold pieces
 46477 | Lair:4   | Identified the +1 plate armour of the Realm of Zot {Int+3}
                  | (You bought it in a shop on level 4 of the Lair of Beasts)
 46658 | Orc:2    | Bought a glimmering plate armour for 980 gold pieces
 46658 | Orc:2    | Identified the +10 plate armour of Wonder {Int+4} (You
                  | bought it in a shop on level 2 of the Orcish Mines)
 47875 | Shoals:1 | Acquired a +1 pair of boots of flying
 50057 | Spider:4 | Identified the +7 spear "Rix Quhusi" {flame, MP+9 Int+2
                  | Dex+3}
 50292 | Shoals:3 | Found a sacrificial altar of Ru.
 50294 | Shoals:3 | Found a transporter.
 50310 | Shoals:3 | Identified the +0 plate armour of the Monkey {Contam
                  | Rampage Int+4}
 50324 | Shoals:3 | Noticed Sin92's ghost (adept DsFi)
 50337 | Shoals:3 | Found a transporter.
 50386 | Shoals:3 | Killed Sin92's ghost
 50387 | Shoals:3 | Identified the +0 pair of boots "Comengomm" {rF+ Dex+4}
 50708 | Shoals:3 | Identified the amulet "Sebbemn" {Reflect +Inv rC- Dex+5
                  | Slay+5 SH+5}
 51660 | Shoals:3 | Identified Roxanne's Reference Book on Clay
 51660 | Shoals:3 | Noticed Roxanne
 51683 | Shoals:3 | Killed Roxanne
 52003 | Shoals:4 | Entered Level 4 of the Shoals
 52022 | Shoals:4 | Gained mutation: You punish those that try to bend your
                  | will. (Will+) [demonic ancestry]
 52022 | Shoals:4 | Reached XP level 19. HP: 81/150 MP: 19/19
 52468 | Shoals:4 | Identified the +0 kite shield "Amnirch" {+Inv rC+}
 52520 | Shoals:4 | Mangled by an alligator snapping turtle

Illustrated notes

Levels and vault maps discovered:
D:1:      sevenhm_arrival_forest_fort_large_2, layout_basic,
          hellmonk_ecumenical_altar_watching_god, minmay_misc_feat_pillars
D:2:      layout_loops_ring, minmay_tromino_i2
D:3:      layout_rooms, serial_shops, shop_fountains, kennysheep_flooded_box
D:4:      layout_cave_pools, kennysheep_vampire_church, minivault_5,
          st_stairs_4, uniq_sigmund, uniq_robin, uniq_grinder
D:5:      layout_loops_ring, minmay_misc_feat_square, uniq_duvessa
D:6:      layout_cave_pools
D:7:      layout_basic, general_overflow_altar,
          minmay_temple_entry_statues_fountains, minmay_strange_pillars,
          patterned_corridor
D:8:      layout_basic, grunt_lair_entry_orc_guard_hut, enter_bailey_5
D:9:      layout_gridville, nicolae_overflow_quartered_altars,
          grunt_dithmenos_smoke_and_mirrors, fedhas_altar_2,
          nzn_sisyphean_effort
D:10:     layout_rooms, uniq_harold, uniq_fannar, uniq_maggie
D:11:     minmay_the_grid_square_5x5_4x4_mashed
          [minmay_the_grid_square_5x5_spiral_small,
          minmay_the_grid_square_5x5_misaligned, minmay_the_grid_square_5x5_z,
          minmay_the_grid_square_5x5_doubleslash,
          minmay_the_grid_square_5x5_intrusive_squares,
          minmay_the_grid_square_5x5_prize_waves,
          minmay_the_grid_square_5x5_prize_pseudospiral,
          minmay_the_grid_square_5x5_comb, minmay_the_grid_square_5x5_inset,
          minmay_the_grid_square_5x5_prize_gold,
          minmay_the_grid_square_5x5_prize_rear_guard,
          minmay_the_grid_square_5x5_hollow_slash,
          minmay_the_grid_square_5x5_bridge, minmay_the_grid_square_5x5_two,
          minmay_the_grid_square_5x5_tetrominoes,
          minmay_the_grid_square_5x5_forky], layout_rooms, fiery_altar_vehumet
D:12:     layout_stronghold, nicolae_trove_entry_columns, nicolae_elemental_shop
D:13:     layout_irregular_city, serial_rivers, chequers_serial_rivers_room_b,
          chequers_serial_rivers_micro_e, chequers_serial_rivers_small_b,
          chequers_serial_rivers_small_b, portal_ice_cave_demonic_guard,
          glass_columns_c, solitary_fountain, moated_statue,
          nicolae_elyvilon_temple_path, uniq_jorgrun, uniq_rupert, uniq_erolcha
D:14:     layout_irregular_city, david_vaults_2, ebering_ghost_reflecting_pool,
          minmay_misc_feat_doors
D:15:     grunt_enter_depths_hoard, layout_long_grid, hangedman_decor_slide_cut
Temple:   zaba_magenta_temple
Lair:1:   minmay_lair_oklob_tunnel, layout_cellular_growth, lemuel_fruit_tree,
          serial_bayou_shore_a, serial_bayou_shore_b, infiniplex_staircase_pool
Lair:2:   layout_roguey, infiniplex_staircase_pool_2, grunt_megastairs_3
Lair:3:   gammafunk_lair_enchanted_lake, layout_cave_shapes
Lair:4:   layout_regular_city, elwin_shoals_entry_stream, spider_nest_entry_a
Lair:5:   layout_gridlike, slime_dummy
Lair:6:   hellmonk_lair_end_abyssal_woods, layout_regular_city,
          minmay_lair_oklob_items, minivault_11, grunt_megastairs_2, uniq_kirke
Shoals:1: layout_shoals, ldierk_geyser
Shoals:2: layout_shoals
Shoals:3: layout_shoals, gammafunk_ghost_berserking_beasts,
          lemuel_altar_in_water, uniq_roxanne
Shoals:4: shoals_end_simple, layout_shoals, nicolae_shop_firing_range
Spider:1: nicolae_spider_mines_1, nicolae_spider_webbed_stairs, uniq_frances
Spider:2: layout_spider_delve, hangedman_spider_tarantella_strand, uniq_arachne
Spider:3: layout_spider_delve, nicolae_spider_claw_tunnel
Spider:4: spider_rune_water, drop_trap
Orc:1:    layout_diamond_mine, bloody_makhleb, uniq_snorg, uniq_erica,
          uniq_sonja
Orc:2:    st_orc_pillars, layout_caves, uniq_josephine, uniq_azrael

Skill      XL: |  1  2  3  4  5  6  7  8  9 10 11 12 13 14 15 16 17 18 |
---------------+-------------------------------------------------------+-----
Axes           | 2 3 4 5 6 10 12 13 14 15 | 15.7
Dodging        | 2 3 4 5 6 8 9 10 11 12 | 12.4
Armour         | 1 2 3 4 6 8 9 10 11 12 | 12.3
Fighting       | 4 5 6 7 9 10 11 12 13 | 13.5
Throwing       | 1 2 4 5 7 8 9 10 11 12 | 12.0
Shields        | 2 3 4 5 7 8 9 |  9.5
Evocations     | 2 4 6 8 9 10 11 12 | 12.1
Stealth        | |  4.5

Action                   |  1- 3 |  4- 6 |  7- 9 | 10-12 | 13-15 | 16-18 | 19-21 || total
-------------------------+-------+-------+-------+-------+-------+-------+-------++-------
Melee: Hand axe          |    65 |     4 |       |       |       |       |       ||    69
       Short sword       |       |    82 |    99 |       |       |       |       ||   181
       Kick              |       |    28 |    33 |    69 |   424 |   335 |       ||   889
       Scythe            |       |       |    92 |       |       |       |       ||    92
       Broad axe         |       |       |    14 |    15 |   938 |  1175 |    18 ||  2160
       Spear             |       |       |       |   274 |   193 |    42 |       ||   509
Throw: Javelin           |       |    13 |    11 |       |     4 |    17 |     4 ||    49
       Boomerang         |       |       |    19 |       |       |       |       ||    19
       Dart              |       |       |    17 |       |     9 |     7 |       ||    33
       Throwing net      |       |       |       |       |       |     1 |       ||     1
Invok: Call Merchant     |       |       |       |       |     3 |     2 |       ||     5
Evoke: Wand              |       |       |       |       |     7 |       |       ||     7
       Phantom mirror    |       |       |       |       |       |     1 |       ||     1
  Use: Scroll            |     2 |       |     2 |    11 |    18 |    10 |       ||    43
       Potion            |     1 |       |     5 |     2 |     3 |     3 |     1 ||    15
 Stab: Sleeping          |    10 |     4 |    10 |     3 |     4 |       |       ||    31
       Distracted        |       |     2 |       |     1 |    19 |    33 |     1 ||    56
       Paralysed         |       |       |       |     1 |       |       |       ||     1
Armor: Leather armour    |     6 |       |       |       |       |       |       ||     6
       Ring mail         |    19 |    19 |    54 |    71 |   367 |       |       ||   530
       Steam dragon scal |       |       |    19 |       |       |       |       ||    19
       Storm dragon scal |       |       |       |       |    52 |   594 |       ||   646
       Plate armour      |       |       |       |       |       |   183 |    23 ||   206
Dodge: Dodged            |    26 |    39 |   160 |    95 |   491 |   719 |    44 ||  1574
Block: Buckler           |       |       |    29 |    93 |   240 |   215 |    32 ||   609
       Reflection        |       |       |     3 |     9 |     9 |    26 |    14 ||    61
       Kite shield       |       |       |       |       |   232 |   620 |       ||   852

Table legend: (Time is in decaauts)
 A = Elapsed time spent in this place.
 B = Non-inter-level travel time spent in this place.
 C = Inter-level travel time spent in this place.
 D = Time resting spent in this place.
 E = Time spent auto-exploring this place.
 F = Levels seen in this place.
 G = Mean time per level.
                   A        B        C        D        E       F      G
               +--------+--------+--------+--------+--------+-----+--------+
         Total |  52729 |  49711 |   3018 |   6444 |  35169 |  34 | 1550.9 |
       Dungeon |  21321 |  19880 |   1441 |   2571 |  14045 |  15 | 1421.4 |
        Temple |     74 |     59 |     15 |      0 |     54 |   1 |   74.0 |
          Lair |  11979 |  11257 |    722 |   1449 |   8348 |   6 | 1996.5 |
        Shoals |   5398 |   5236 |    162 |    335 |   4066 |   4 | 1349.5 |
   Spider Nest |   7947 |   7633 |    314 |    838 |   5627 |   4 | 1986.8 |
  Orcish Mines |   4668 |   4307 |    361 |   1244 |   2239 |   2 | 2334.0 |
        Bailey |    570 |    570 |      0 |      7 |    252 |   1 |  570.0 |
      Ice Cave |    769 |    769 |      0 |      0 |    535 |   1 |  769.0 |
               +--------+--------+--------+--------+--------+-----+--------+

Top non-repeatable levels by time:
   Orc:1: 2881 daAuts
  Lair:4: 2831 daAuts
Spider:4: 2745 daAuts
Spider:1: 2626 daAuts
  Lair:6: 2503 daAuts
Shoals:3: 2248 daAuts
     D:3: 2208 daAuts
     D:9: 2168 daAuts
     D:5: 1947 daAuts
  Lair:1: 1871 daAuts
    D:15: 1822 daAuts
  Lair:5: 1793 daAuts
   Orc:2: 1787 daAuts
Spider:2: 1622 daAuts
     D:7: 1583 daAuts
